 Dungeon Crawl Stone Soup version 0.19.1 (webtiles) character file.

20896 empire the Fighter (level 12, -12/110 HPs)
             Began as a Minotaur Fighter on Dec 8, 2016.
             Was a High Priest of Nemelex Xobeh.
             Killed from afar by an orc sorcerer (24 damage)
             ... with a bolt of fire
             ... while paralysed by an orc sorcerer
             ... on level 2 of the Orcish Mines.
             The game lasted 01:02:59 (14334 turns).

empire the Fighter (Minotaur Fighter)              Turns: 14334, Time: 01:03:01

Health: -12/110    AC: 21    Str: 20    XL:     12   Next: 49%
Magic:  16/16      EV:  2    Int:  5    God:    Nemelex Xobeh [*****.]
Gold:   1311       SH:  0    Dex: 18    Spells: 0 memorised, 11 levels left

rFire  . . .     SeeInvis .     a - +2 trident (freeze)
rCold  . . .     Gourm    .     o - +0 chain mail
rNeg   . . .     Faith    +     c - +0 shield
rPois  .         Spirit   .     Q - +0 hat {MR+}
rElec  .         Reflect  .     k - +0 cloak
rCorr  .         Harm     .     m - +2 pair of gloves
MR     +....                    r - +2 pair of boots
Stlth  ..........               i - amulet of faith
                                (no ring)
                                (no ring)

@: paralysed, lethally poisoned (-12 -> -18)
A: retaliatory headbutt, horns 2, agile 1, blink, shaggy fur 1, wild magic 1
a: Blink, Triple Draw, Deal Four, Stack Five, Renounce Religion


You were on level 2 of the Orcish Mines.
You worshipped Nemelex Xobeh.
Nemelex Xobeh was extremely pleased with you.
You were hungry.

You visited 4 branches of the dungeon, and saw 15 of its levels.
You also visited: Ossuary and Ice Cave.

You collected 1311 gold pieces.

Inventory:

Hand Weapons
 a - a +2 trident of freezing (weapon)
 b - a +2 trident of flaming
 h - a +1 short sword of venom
 v - a +1 whip of venom
Armour
 c - a +0 shield (worn)
 k - a +0 cloak (worn)
 m - a +2 pair of gloves (worn)
 o - a +0 chain mail (worn)
 r - a +2 pair of boots (worn)
 D - a +0 troll leather armour
 Q - a +0 hat of magic resistance (worn)
Jewellery
 i - an amulet of faith (around neck)
 W - an uncursed ring of flight {unknown}
Wands
 s - a wand of polymorph (2/24)
 t - a wand of iceblast (7/15)
 y - a wand of lightning (4/15)
 B - a wand of flame (3/48)
Scrolls
 z - 13 scrolls of remove curse
 G - 3 scrolls of teleportation
 M - a scroll of recharging
 N - a scroll of fear
 S - 2 scrolls of fog
 Y - 3 scrolls of magic mapping
Potions
 d - 7 potions of might
 g - 2 potions of magic
 l - 9 potions of curing
 x - 3 potions of haste
 A - a potion of resistance
 F - 2 potions of ambrosia {unknown}
 J - a potion of beneficial mutation {unknown}
 P - a potion of lignification {unknown}
 V - a potion of agility
Miscellaneous
 e - an ornate deck of escape
 L - a legendary deck of escape
 U - an ornate deck of summoning {drawn: 5}
 Z - a plain deck of escape
Comestibles
 f - 8 bread rations
 j - 29 fruits
 n - 9 slices of pizza
 p - 4 beef jerkies
 q - 6 meat rations


   Skills:
 + Level 11.0 Fighting
 + Level 10.4 Polearms
 + Level 11.0 Armour
 + Level 9.6 Dodging
 + Level 10.7 Shields
 + Level 2.7 Invocations
 + Level 7.1 Evocations


You had 11 spell levels left.
You didn't know any spells.

Dungeon Overview and Level Annotations

Branches:
Dungeon (11/15)            Temple (1/1) D:5            Lair (1/6) D:8
    Orc (2/2) D:11
    Elf: Orc:2

Altars:
Ashenzari
Cheibriados
Dithmenos
Elyvilon
Fedhas
Gozag
Hepliaklqana
Kikubaaqudgha
Makhleb
Nemelex Xobeh
Okawaru
Qazlal
Ru
Sif Muna
Trog
Uskayaw
Vehumet
Xom
Yredelemnul
Zin
The Shining One

Shops:
D:8 *


Innate Abilities, Weirdness & Mutations

You reflexively headbutt those who attack you in melee.
You have a pair of horns on your head.
You are agile. (Dex +2)
You can translocate small distances at will.
You are covered in fur. (AC +1)
Your spells are a little harder to cast, but a little more powerful.


Message History

The orc sorcerer hits you with a dagger.
* * * LOW HITPOINT WARNING * * *
Your wyvern closely misses the orc sorcerer.
The orc priest calls down the wrath of Beogh upon you.
Beogh smites you!
* * * LOW HITPOINT WARNING * * *
You hear a shout! x2
An orc priest comes into view. It is wielding a flail.
You feel sick.
Your killer bee closely misses the orc warrior.
Your centaur misses the orc sorcerer.
The orc warrior hits your centaur with a war axe of draining.
The orc warrior drains your centaur!
The orc warrior hits your wyvern with a war axe of draining.
The orc warrior drains your wyvern!
The orc warrior barely misses your killer bee.
The orc sorcerer gestures at you while chanting.
Helpless, you fail to dodge the bolt of fire.
You die...
Your body glows with a rainbow of weird colours and disappears.

.. ...........## ...
... ......#.........
.#........##..##.....
.....#.....#.........
.#........#..........
.......<.............
..........##...#.#...
...........).@.......
............@cly.....
...........)oooo.....
.......######oo.#####
......# .oo.....
.....# o....... ....
o#####.... .# . ....
.# ...


You could see 3 orc sorcerers, 2 orc warriors, 3 orc priests, a friendly wyvern,
a friendly centaur, a friendly killer bee and the friendly empire's illusion.

Vanquished Creatures
  2 hill giants
  An ugly thing (D:11)
  A spiny frog (Lair:1)
  2 gargoyles
  A komodo dragon (Lair:1)
  A kobold demonologist (D:11)
  2 trolls (Orc:1)
  8 polar bears (IceCv)
  A two-headed ogre (D:8)
  2 hippogriffs
  A dream sheep (D:8)
  15 yaks
  A steam dragon (D:9)
  2 wargs (Orc:1)
  2 water moccasins (D:9)
  2 porcupines (Lair:1)
  7 orc warriors
  7 ice beasts
  2 sky beasts
  A black bear (D:6)
  4 centaurs
  5 ogres
  A hornet zombie (D:9)
  A necrophage (D:11)
  2 phantoms
  4 wolves (IceCv)
  3 crocodiles
  6 big kobolds
  8 bullfrogs
  2 water moccasin zombies (Ossuary)
  3 scorpions
  3 killer bees
  4 wights (D:7)
  4 howler monkeys
  7 crimson imps
  A bullfrog zombie (D:5)
  A quasit (D:8)
  12 orc priests
  3 hounds
  Crazy Yiuf (D:7)
  3 centaur skeletons
  2 jellies
  2 bullfrog skeletons
  An iguana (D:7)
  10 orc wizards
  7 worker ants
  6 big kobold zombies (Ossuary)
  2 hound skeletons
  3 mummies
  2 howler monkey zombies
  A worker ant zombie (D:5)
  10 adders
  A howler monkey skeleton (D:8)
  6 gnolls
  A shadow imp (D:8)
  2 oozes
  6 adder zombies (Ossuary)
  A worm (D:2)
  2 dart slugs
  7 leopard geckos
  61 orcs
  5 giant cockroaches
  A gnoll zombie (Ossuary)
  11 goblins
  19 hobgoblins
  9 jackals
  7 quokkas
  3 ball pythons
  4 bats
  4 frilled lizards
  3 hobgoblin zombies (Ossuary)
  A jackal skeleton (D:6)
  34 kobolds
  3 kobold zombies (Ossuary)
  5 orc zombies (Ossuary)
  A quokka zombie (D:7)
  6 rats
  A fungus (D:7)
389 creatures vanquished.

Vanquished Creatures (collateral kills)
  A frost giant (IceCv)
  A hydra (D:8)
  An orc high priest (Orc:2)
  An unseen horror (D:10)
  2 hill giants
  An ice statue (IceCv)
  9 polar bears (IceCv)
  2 trolls
  A dream sheep (D:8)
  7 yaks
  A black bear (D:10)
  3 ice beasts (D:11)
  5 orc warriors
  4 wolves (IceCv)
  A centaur (D:7)
  2 ogres (D:5)
  2 big kobolds
  2 killer bees (D:10)
  A wight (D:7)
  A centaur zombie (D:11)
  A quasit (D:5)
  A bullfrog skeleton (D:11)
  7 orc wizards
  2 orc priests
  An iguana (D:7)
  A worker ant (D:11)
  8 orcs
  A quokka (D:9)
70 creatures vanquished.

Vanquished Creatures (others)
  A two-headed ogre (D:10)
  3 ice beasts (D:11)
  A human (D:6)
  2 killer bees (D:10)
  2 crimson imps
  2 ball lightnings
  An orc (D:11)
  A fungus (Lair:1)
13 creatures vanquished.

Grand Total: 472 creatures vanquished

Notes
Turn   | Place    | Note
-------+----------+-------------------------------------------
     0 | D:1      | empire the Minotaur Fighter began the quest for the Orb.
     0 | D:1      | Reached XP level 1. HP: 19/19 MP: 0/0
   157 | D:1      | Reached XP level 2. HP: 27/27 MP: 1/1
   400 | D:1      | Found an iron altar of Okawaru.
   530 | D:1      | Reached skill level 1 in Dodging
   590 | D:2      | Found a faded altar of an unknown god.
   687 | D:2      | Reached XP level 3. HP: 25/33 MP: 2/2
   935 | D:2      | Reached XP level 4. HP: 40/40 MP: 3/3
  1299 | D:3      | Found a faded altar of an unknown god.
  1299 | D:3      | Found a faded altar of an unknown god.
  1304 | D:3      | Found a hazy altar of Hepliaklqana.
  1306 | D:3      | Found a faded altar of an unknown god.
  1307 | D:3      | Found a faded altar of an unknown god.
  1630 | D:3      | Found a basalt altar of Yredelemnul.
  1823 | D:4      | Reached XP level 5. HP: 44/47 MP: 4/4
  1854 | D:4      | Found a burning altar of Makhleb.
  2003 | D:4      | Found a shadowy altar of Dithmenos.
  2319 | D:4      | Reached XP level 6. HP: 48/55 MP: 5/5
  2335 | D:4      | Reached skill level 5 in Armour
  2458 | D:4      | Reached skill level 5 in Fighting
  2468 | D:4      | Reached skill level 5 in Shields
  2811 | D:4      | Found a sparkling altar of Nemelex Xobeh.
  2879 | D:4      | Became a worshipper of Nemelex Xobeh the Trickster
  2944 | D:5      | Entered Level 5 of the Dungeon
  2944 | D:5      | Found a staircase to the Ecumenical Temple.
  2949 | D:5      | Received a gift from Nemelex Xobeh
  2952 | Temple   | Entered the Ecumenical Temple
  3137 | D:5      | Found a shattered altar of Ashenzari.
  3214 | D:5      | Received a gift from Nemelex Xobeh
  3239 | D:5      | Reached XP level 7. HP: 61/61 MP: 6/6
  3308 | D:5      | Reached skill level 1 in Evocations
  3483 | D:5      | Reached * piety under Nemelex Xobeh
  3509 | D:5      | Found a snail-covered altar of Cheibriados.
  3554 | D:5      | Reached skill level 5 in Polearms
  3995 | D:6      | Gained mutation: Your spells are a little harder to cast, but a little more powerful. [mutagenic meat]
  3996 | D:6      | Gained mutation: Your magical capacity is low. (-10% MP) [mutagenic meat]
  3997 | D:6      | Gained mutation: You can translocate small distances at will. [mutagenic meat]
  3998 | D:6      | Gained mutation: You are agile. (Dex +2) [mutagenic meat]
  3999 | D:6      | Lost mutation: Your magical capacity is low. (-10% MP) [mutagenic meat]
  4000 | D:6      | Gained mutation: You are covered in fur. (AC +1) [mutagenic meat]
  4015 | D:6      | Reached XP level 8. HP: 54/70 MP: 8/8
  4361 | D:6      | Found an ancient bone altar of Kikubaaqudgha.
  4400 | D:6      | Reached ** piety under Nemelex Xobeh
  4535 | D:6      | Reached skill level 5 in Dodging
  4647 | D:6      | Received a gift from Nemelex Xobeh
  5004 | D:7      | Received a gift from Nemelex Xobeh
  5029 | D:7      | Found a deep blue altar of Sif Muna.
  5049 | D:7      | Reached XP level 9. HP: 59/78 MP: 10/10
  5294 | D:7      | Found a white marble altar of Elyvilon.
  5383 | D:7      | Found a sand-covered staircase.
  5391 | Ossuary  | Entered an ossuary
  5450 | Ossuary  | Reached *** piety under Nemelex Xobeh
  5609 | D:7      | Received a gift from Nemelex Xobeh
  5768 | D:7      | Found a runed door.
  5772 | D:7      | Noticed Crazy Yiuf
  5779 | D:7      | Killed Crazy Yiuf
  6021 | D:8      | Found Uweku's General Store.
  6021 | D:8      | Received a gift from Nemelex Xobeh
  6528 | D:8      | Found a staircase to the Lair.
  6535 | Lair:1   | Entered Level 1 of the Lair of Beasts
  6620 | Lair:1   | Noticed a komodo dragon
  6640 | Lair:1   | Killed a komodo dragon
  6850 | Lair:1   | Received a gift from Nemelex Xobeh
  6872 | Lair:1   | Reached **** piety under Nemelex Xobeh
  7026 | Lair:1   | Noticed a spiny frog
  7035 | Lair:1   | Killed a spiny frog
  7035 | Lair:1   | Reached XP level 10. HP: 75/88 MP: 12/12
  7488 | D:8      | Noticed a hill giant
  7506 | D:8      | Killed a hill giant
  7568 | D:8      | Noticed a two-headed hydra
  7575 | D:8      | Killed a two-headed hydra
  7991 | D:9      | Reached skill level 5 in Evocations
  8023 | D:9      | Received a gift from Nemelex Xobeh
  8320 | D:10     | Entered Level 10 of the Dungeon
  9159 | D:10     | Killed an unseen horror
  9312 | D:10     | Received a gift from Nemelex Xobeh
  9354 | D:10     | Reached XP level 11. HP: 66/97 MP: 14/14
  9616 | D:10     | Noticed a hill giant
  9629 | D:10     | Killed a hill giant
 10218 | D:10     | Received a gift from Nemelex Xobeh
 10609 | D:10     | Noticed a hill giant
 10614 | D:10     | Killed a hill giant
 10756 | D:11     | Reached ***** piety under Nemelex Xobeh
 10810 | D:11     | Found a frozen archway.
 10813 | D:11     | Reached skill level 10 in Armour
 10837 | D:11     | Reached skill level 10 in Fighting
 11000 | IceCv    | Entered an ice cave
 11036 | IceCv    | Reached skill level 10 in Shields
 11611 | IceCv    | Received a gift from Nemelex Xobeh
 11682 | IceCv    | Reached XP level 12. HP: 92/107 MP: 15/15
 11704 | IceCv    | Reached skill level 10 in Polearms
 11730 | IceCv    | Noticed a frost giant
 11764 | IceCv    | Killed a frost giant
 12006 | IceCv    | Got an encrusted great sword
 12299 | D:11     | Found a staircase to the Orcish Mines.
 12311 | D:11     | Reached skill level 1 in Invocations
 13053 | D:11     | Received a gift from Nemelex Xobeh
 13320 | Orc:1    | Entered Level 1 of the Orcish Mines
 13717 | Orc:1    | Received a gift from Nemelex Xobeh
 14305 | Orc:2    | Entered Level 2 of the Orcish Mines
 14316 | Orc:2    | Noticed an orc high priest
 14332 | Orc:2    | Paralysed by an orc sorcerer for 3 turns
 14333 | Orc:2    | Killed an orc high priest
 14334 | Orc:2    | Killed from afar by an orc sorcerer

Skill      XL: |  1  2  3  4  5  6  7  8  9 10 11 12 |
---------------+-------------------------------------+-----
Dodging        | 1 2 3 4 5 6 7 9 |  9.6
Fighting       | 4 5 6 8 9 10 11 | 11.0
Armour         | 4 5 6 7 8 9 10 11 | 11.0
Polearms       | 3 4 5 6 7 8 9 10 | 10.4
Shields        | 4 5 6 7 9 10 | 10.7
Evocations     | 2 3 4 5 6 7 |  7.1
Invocations    | 2 |  2.7

Action                   |  1- 3 |  4- 6 |  7- 9 | 10-12 || total
-------------------------+-------+-------+-------+-------++-------
Melee: Trident           |    90 |   232 |   412 |   642 ||  1376
       Headbutt          |    14 |    42 |   108 |   172 ||   336
Evoke: Deck              |       |       |     2 |    65 ||    67
       Wand              |       |       |     5 |     6 ||    11
  Use: Scroll            |     3 |     7 |    11 |    10 ||    31
       Potion            |       |     3 |       |     5 ||     8
 Stab: Distracted        |       |       |       |     3 ||     3
  Eat: Chunk             |       |     7 |    18 |    23 ||    48
       Fruit             |       |       |     1 |     1 ||     2
Armor: Scale mail        |    26 |       |       |       ||    26
       Chain mail        |    32 |   141 |   207 |   284 ||   664
Dodge: Dodged            |    35 |    69 |   142 |   308 ||   554
Block: Shield            |    61 |   148 |   248 |   451 ||   908
